 Dungeon Crawl Stone Soup version 0.26.1-2-gb8aa6d0cf2 (webtiles) character file.

Game seed: 18049898585700511213

1863 dtburroughs the Cruncher (level 8, -2/70 HPs)
             Began as a Minotaur Berserker on Mar 6, 2021.
             Was a Priest of Trog.
             Slain by Joseph
             ... wielding a cursed -3 hunting sling
              (7 damage)
             ... on level 7 of the Dungeon.
             The game lasted 00:23:19 (8273 turns).

dtburroughs the Cruncher (Minotaur Berserker)       Turns: 8273, Time: 00:23:20

Health: -2/70      AC:  4    Str: 22    XL:     8   Next: 90%
Magic:  7/7        EV:  8    Int:  6    God:    Trog [***...]
Gold:   380        SH:  0    Dex: 10    Spells: 7/7 levels left

rFire    . . .     SeeInvis .   q - +4 quarterstaff (chaos)
rCold    . . .     Faith    .   (shield currently unavailable)
rNeg     . . .     Spirit   .   D - +0 plate armour
rPois    .         Reflect  .   (helmet restricted)
rElec    .         Harm     .   r - +0 cloak
rCorr    .         Rampage  .   B - +0 pair of gloves
Will     ++...                  o - +0 pair of boots
Stlth    ..........             (no amulet)
HPRegen  1.21/turn              (no ring)
MPRegen  0.10/turn              (no ring)

@: corroded, regenerating
A: retaliatory headbutt, horns 2
a: Renounce Religion, Berserk, Trog's Hand


You were on level 7 of the Dungeon.
You worshipped Trog.
Trog was most pleased with you.
You visited 1 branch of the dungeon, and saw 7 of its levels.
You also visited: Sewer.

You collected 380 gold pieces.

Inventory:

Hand Weapons
 a - a +0 hand axe
 e - a +0 whip
 l - a +0 mace
 n - a +3 dagger of venom
 q - a +4 quarterstaff of chaos (weapon)
 s - a +0 mace
 t - a +0 morningstar
 w - a +0 war axe
 H - a +0 flail of protection
Armour
 o - a +0 pair of boots (worn)
 r - a +0 cloak (worn)
 u - a +0 cloak
 B - a +0 pair of gloves (worn)
 D - a +0 plate armour (worn)
Jewellery
 b - a +6 ring of dexterity {unknown}
Wands
 x - a wand of iceblast (17) (quivered)
 y - a wand of enslavement (8)
Scrolls
 c - 4 scrolls of remove curse {unknown}
 g - 6 scrolls of identify {unknown}
 i - 3 scrolls of fear {unknown}
 v - a scroll of amnesia {unknown}
 C - a scroll of blinking {unknown}
Potions
 d - 2 potions of curing {unknown}
 f - 2 potions of invisibility
 h - 3 potions of heal wounds {unknown}
 j - 4 potions of might {unknown}
 m - 2 potions of degeneration {unknown}
 p - a potion of mutation {unknown}
 z - a potion of lignification {unknown}
 A - a potion of brilliance {unknown}
 E - a potion of haste {unknown}
 F - 2 potions of attraction {unknown}
 G - 2 potions of flight {unknown}


   Skills:
 + Level 6.1 Fighting
 + Level 6.3 Axes
 * Level 9.0 Staves
 + Level 5.4 Armour
 + Level 4.9 Dodging
 + Level 1.7 Stealth


You had 7 spell levels left.
You didn't know any spells.
Your spell library was empty.

Dungeon Overview and Level Annotations

Branches:
Dungeon (7/15)             Temple (0/1) D:5           Sewer (visited)

Altars:
Dithmenos
Nemelex Xobeh
Vehumet

Shops:
D:4 *:(=

Annotations:
D:5 3 runed translucent doors, Gadfly's ghost, weakling TrDe; Prince Ribbit
D:6 exclusion: statue
D:7 Joseph


Innate Abilities, Weirdness & Mutations

You reflexively headbutt those who attack you in melee.
You have a pair of horns on your head.


Message History

The acid corrodes you!
You are splashed with acid!
You see here 24 sling bullets.
Joseph shoots a sling bullet.
The sling bullet hits you!
You see here 2 sling bullets.
Joseph zaps a wand.
The bolt of acid hits you! The acid corrodes you!
You are splashed with acid!
Joseph zaps a wand.
The bolt of acid hits you.
* * * LOW HITPOINT WARNING * * *
The acid corrodes you!
You are splashed with acid!
* * * LOW HITPOINT WARNING * * *
You thump Joseph!
Joseph looks as sick as possible!
Joseph is severely wounded.
Joseph hits you with a cursed -3 hunting sling.
* * * LOW HITPOINT WARNING * * *
You barely miss Joseph. You headbutt Joseph.
Joseph is almost dead.
You hit Joseph but do no damage.
Joseph is almost dead.
Joseph hits you with a cursed -3 hunting sling!
You die...

#.#....# #.# #.#....#
#.# ##### #.#....#
#.# #...# ##.#....#
#.# #.#.# #.......#
#.# #.#.#
##......#####.# #.#.#
#.#..........# #.#.#
##.#.#..#########.#.#
#....#....@@.((.#.#.#
######.########(#.#.#
#.....[.)#..)<)...#.#
##.....#)#.####.###.#
#######.#.# #.....#
#.# #.#.# #######
#.#####.#.#
#.......#.#
#.#######.#####


You could see Joseph (extremely poisoned).

Vanquished Creatures
  Eustachio (D:5)
  Menkaure (D:5)
  Duvessa (D:6)
  2 orc warriors
  An ice beast (D:6)
  A black bear (D:4)
  2 ogres
  A necrophage (D:6)
  A big kobold (Sewer)
  Dowan (D:6)
  2 scorpions
  Crazy Yiuf (D:3)
  2 orc priests
  4 hounds
  2 bullfrog skeletons (D:4)
  4 orc wizards
  A worker ant (D:6)
  A hound skeleton (D:3)
  A howler monkey skeleton (D:6)
  7 adders
  2 river rats (Sewer)
  2 white imps (D:5)
  2 oozes (D:1)
  4 worms
  3 dart slugs
  5 leopard geckos
  11 orcs
  8 bats
  10 giant cockroaches
  6 goblins
  9 hobgoblins
  8 jackals
  3 quokkas
  6 frilled lizards
  12 kobolds
  A quokka zombie (D:7)
  7 rats
136 creatures vanquished.

Notes
Turn   | Place    | Note
-------+----------+-------------------------------------------
     0 | D:1      | dtburroughs the Minotaur Berserker began the quest for the
                  | Orb.
     0 | D:1      | Reached XP level 1. HP: 19/19 MP: 0/0
   133 | D:1      | Reached XP level 2. HP: 18/27 MP: 1/1
  1067 | D:1      | Reached XP level 3. HP: 24/33 MP: 2/2
  1244 | D:1      | Reached ** piety under Trog
  1985 | D:2      | Reached XP level 4. HP: 29/41 MP: 3/3
  3137 | D:3      | Found a shadowy altar of Dithmenos.
  3400 | D:3      | Reached skill level 5 in Axes
  3400 | D:3      | Reached skill level 1 in Stealth
  3538 | D:3      | Found a runed translucent door.
  3539 | D:3      | Noticed Crazy Yiuf
  3546 | D:3      | Killed Crazy Yiuf
  3547 | D:3      | Reached XP level 5. HP: 43/47 MP: 2/4
  3886 | D:4      | Found Plog's Assorted Antiques.
  3888 | D:4      | Found Mizxext's Book Shop.
  3888 | D:4      | Found Qiqeat's Weapon Shop.
  3891 | D:4      | Found Xafe's Jewellery Shop.
  4235 | D:4      | Noticed a black bear
  4239 | D:4      | Killed a black bear
  4240 | D:4      | Reached skill level 1 in Staves
  4240 | D:4      | Reached XP level 6. HP: 54/55 MP: 5/5
  4323 | D:4      | Reached skill level 5 in Fighting
  4884 | D:5      | Entered Level 5 of the Dungeon
  4920 | D:5      | Reached skill level 2 in Staves
  5030 | D:5      | Found a staircase to the Ecumenical Temple.
  5056 | D:5      | Noticed Menkaure
  5086 | D:5      | Killed Menkaure
  5087 | D:5      | Reached XP level 7. HP: 61/61 MP: 6/6
  5111 | D:5      | Found a runed translucent gate.
  5111 | D:5      | Found a runed translucent gate.
  5112 | D:5      | Found a runed translucent gate.
  5117 | D:5      | Noticed Gadfly's ghost (weakling TrDe)
  5159 | D:5      | Reached skill level 3 in Staves
  5346 | D:5      | Noticed Eustachio
  5387 | D:5      | Killed Eustachio
  5388 | D:5      | Reached skill level 4 in Staves
  5655 | D:5      | Noticed Prince Ribbit
  6066 | D:5      | Reached skill level 5 in Staves
  6082 | D:5      | Found a sparkling altar of Nemelex Xobeh.
  6472 | D:6      | Found a radiant altar of Vehumet.
  6483 | D:6      | Reached XP level 8. HP: 68/69 MP: 7/7
  6490 | D:6      | Reached skill level 6 in Staves
  6549 | D:6      | Reached skill level 5 in Armour
  6711 | D:6      | Reached *** piety under Trog
  6728 | D:6      | Noticed Duvessa
  6729 | D:6      | Noticed Dowan
  6738 | D:6      | Killed Duvessa
  6739 | D:6      | Reached skill level 7 in Staves
  6752 | D:6      | Killed Dowan
  6817 | D:6      | Found a glowing drain.
  6833 | Sewer    | Entered a sewer
  6912 | Sewer    | Reached skill level 8 in Staves
  6958 | Sewer    | Found a white marble altar of Elyvilon.
  8047 | D:7      | Reached skill level 9 in Staves
  8188 | D:7      | Noticed Joseph
  8271 | D:7      | HP: 3/70 [Joseph/cursed -3 hunting sling (3)]
  8273 | D:7      | Slain by Joseph

Illustrated notes

Levels and vault maps discovered:
D:1:      dpeg_arrival_three_same_balls, layout_rooms
D:2:      layout_loops_ring
D:3:      layout_basic, grunt_dithmenos_smoke_and_mirrors,
          uniq_crazy_yiuf_cottage
D:4:      black_bear_nest_2, layout_layer_cave, minmay_shop_grid_forest
D:5:      layout_basic, lemuel_doored_altar, minmay_temple_entry_slanted,
          gammafunk_ghost_split, uniq_eustachio, uniq_menkaure,
          uniq_prince_ribbit1
D:6:      layout_basic, vehumet_statue, nicolae_ossuary_entry_monument,
          portal_sewer_entry_f, uniq_duvessa
D:7:      layout_basic, serial_shops, shop, kennysheep_minor_cross, uniq_joseph

Skill      XL: |  1  2  3  4  5  6  7  8 |
---------------+-------------------------+-----
Fighting       | 4 5 6 |  6.1
Axes           | 4 5 6 |  6.3
Dodging        | 3 4 |  4.9
Armour         | 3 4 5 |  5.4
Stealth        | 1 |  1.7
Staves         | 1 2 5 9 |  9.0

Action                   |  1- 3 |  4- 6 |  7- 9 || total
-------------------------+-------+-------+-------++-------
Melee: Hand axe          |    70 |    71 |       ||   141
       Headbutt          |    12 |    28 |    28 ||    68
       Quarterstaff      |       |    29 |   186 ||   215
Invok: Trog's Hand       |       |       |     2 ||     2
       Berserk           |       |       |     1 ||     1
Evoke: Wand              |       |       |     3 ||     3
 Stab: Sleeping          |     1 |       |       ||     1
       Petrified         |       |     1 |       ||     1
Armor: Animal skin       |    20 |       |       ||    20
       Ring mail         |       |    24 |    73 ||    97
       Plate armour      |       |       |     4 ||     4
Dodge: Dodged            |    58 |    61 |   110 ||   229
